[Event "*** SCC Grand Prix: Titled Tuesday Blitz"]
[Site "Chess.com"]
[Date "2020.08.25"]
[Round "1"]
[White "pedromartinez91"]
[Black "SergeyKarjakin"]
[Result "0-1"]
[WhiteElo "2449"]
[BlackElo "2979"]
[TimeControl "180+1"]
[EndTime "10:08:29 PDT"]
[Termination "SergeyKarjakin won by resignation"]

1. e4 c6 2. d3 d5 3. Nd2 e5 4.
Ngf3 Bd6 5. d4 exd4 6. exd5 cxd5 7. Be2 Nc6 8. Nb3 Nf6 9. Nbxd4 O-O 10. O-O h6 11.
Re1 Re8 12. c3 Ne4 13. Be3 Bg4 14. h3 Bh5 15. Nf5 Bc7 16. N3d4 Bg6 17. Bh5 Nxd4 18. Nxd4 Qd6 19. Bxg6 Qh2+ 20. Kf1 fxg6 21. Qg4 Kh7 22. Nf3 Qd6 23. h4 Rf8 24. h5 g5 25. Rad1 Rae8 26. c4 Qa6 27. Kg1 Qxa2 28. cxd5 Bd6 29. Bd4 Rf4 30.
Qd7 Re7 31. Qb5 a6 32. Qd3 Qxd5 33. Be3 Qxd3 34. Rxd3 Rf6 35. Red1 Bc5 36. Rd7 Rxd7 37. Rxd7 Bxe3 38. fxe3 Rb6 39. Ne5 Ng3 40. Ng6 Nxh5 41.
Nf8+ Kg8 42. Rd8 Kf7 43. Nd7 Ke7 44. Nxb6 Kxd8 45. Kf2 Nf6 46. Nc4 Kc7 47. Kf3 b5 48. Ne5 a5 49. e4 a4 50. Nd3 Kc6 51. Ke3 h5 52. Kd4 h4 53. Nb4+ Kd7 54. e5 Ne8 55.
Kd5 Nc7+ 56. Kc5 g4 57. Nd3 h3 58. gxh3 gxh3 59. Nf2 h2 60. Kd4 Ke6 61. Ke4 b4 62.
Nh1 a3 63. bxa3 bxa3 64. Ng3 a2 65. Kf4 a1=Q 66. Ne4 0-1

[Event "*** SCC Grand Prix: Titled Tuesday Blitz"]
[Site "Chess.com"]
[Date "2020.08.25"]
[Round "1"]
[White "Vsevolod_Ovchinnikov"]
[Black "Gareth-Bale11"]
[Result "1-0"]
[WhiteElo "2415"]
[BlackElo "2748"]
[TimeControl "180+1"]
[EndTime "10:08:29 PDT"]
[Termination "Vsevolod_Ovchinnikov won by resignation"]

1. d4 Nf6 2. c4 e6 3. g3 d5 4. Bg2 Bb4+ 5. Bd2 Be7 6. Nf3 O-O 7. O-O c6 8. Qc2 Ne4 9. Rd1 Nd7 10. Be1 f5 11. Nfd2 Bf6 12. e3 a6 13. f3 Nd6 14. Bf2 b6 15. Nc3 Bb7 16. e4 e5 17.
dxe5 Nxe5 18. cxd5 cxd5 19. Nxd5 Bxd5 20. exd5 f4 21. Re1 Rc8 22. Qb3 b5 23. Ne4 Nec4 24. Nxf6+ Qxf6 25. Re2 Rfe8 26. Rae1 Rxe2 27. Rxe2 Ne5 28.
Re1 Nec4 29. Re2 Ne5 30. Re1 Ndc4 31. gxf4 Qxf4 32. Qc3 Rd8 33. b3 b4 34. Qd4 Qxd4 35. Bxd4 Nd3 36. Rd1 Rxd5 37. Rxd3 Ne5 38. Rd2 Nc6 39.
Be3 Ra5 40. Kf2 Ne5 41. h3 Kf7 42. f4 Ng6 43. Be4 Kf6 44. Bd4+ Kf7 45. Ke3 Rh5 46. Bxg6+ hxg6 47. Rh2 Ke6 48. Ke4 a5 49. Be3 Rd5 50.
h4 Rd1 51. Rg2 Kf7 52. Rc2 Ra1 53. Bb6 Re1+ 54. Kf3 Rf1+ 55. Ke3 Re1+ 56. Kf2 Re4 57. Kf3 Re2 1-0

[Event "*** SCC Grand Prix: Titled Tuesday Blitz"]
[Site "Chess.com"]
[Date "2020.08.25"]
[Round "1"]
[White "Chess_Dog06"]
[Black "skiff134"]
[Result "1/2-1/2"]
[WhiteElo "2315"]
[BlackElo "2610"]
[TimeControl "180+1"]
[EndTime "10:08:29 PDT"]
[Termination "Game drawn by agreement"]

1. Nf3 d5 2. g3 Nc6 3. d4 Bf5 4. Bg2 Qd7 5. O-O Bh3 6. c4 dxc4 7. d5 O-O-O 8. Nc3 Bxg2 9. Kxg2 Nb4 10. e4 e6 11. a3 Nd3 12. Be3 Nf6 13. dxe6 Qxe6 14.
Qa4 Nxe4 15. Qxa7 Nxc3 16. bxc3 Qc6 17. Rab1 Ne5 18. Qa8+ Kd7 19. Qxb7 Nxf3 20. Rfd1+ Bd6 21. Qxc6+ Kxc6 22. Kxf3 Ra8 23. Rd4 Ra4 24. Rg4 g6 25.
Rd1 h5 26. Rgd4 Rb8 27. R4d2 Rb3 28. Bd4 Raxa3 29. Re2 Bb4 30. Re5 Bxc3 31. Rc5+ Kb7 32. Kg2 Bxd4 33. Rxd4 Rc3 34. Rd7 Rab3 35. Rdxc7+ Ka6 36. Rxc4 Rxc4 37. Rxc4 Kb6 38. Rf4 f5 39. h4 Kc5 40. Ra4 Rb6 41. Ra7 Kd4 42. Kf3 Ke5 43. Ra5+ Kf6 44. Ra3 Ke5 45. Re3+ Kf6 46. Rc3 g5 47.
hxg5+ Kxg5 48. Kg2 Rb2 49. Rc8 h4 50. Rg8+ Kf6 51. gxh4 Rb3 52. h5 Rb4 53. Kg3 Kf7 54.
Rg5 Kf6 55. Rg6+ Kf7 56. Ra6 Kg7 57. h6+ Kh7 58. Rf6 Rg4+ 59. Kf3 Rh4 60. Rxf5 Kxh6 61. Rf4 Rh5 62. Ke4 Kg6 63. Kf3 Ra5 64. Rg4+ Kf5 65. Rf4+ Kg5 66. Rb4 Kf6 67. Kg2 Kg6 68. Rb6+ Kf7 69.
f4 Ra3 70. Rb5 Kf6 71. Rg5 Rb3 72. Rg3 Rxg3+ 73. Kxg3 Kf5 74. Kf3 Kf6 75. Kg4 Kg6 76. f5+ 1/2-1/2

[Event "*** SCC Grand Prix: Titled Tuesday Blitz"]
[Site "Chess.com"]
[Date "2020.08.25"]
[Round "1"]
[White "SlavenPastar"]
[Black "mishanick"]
[Result "0-1"]
[WhiteElo "2448"]
[BlackElo "2970"]
[TimeControl "180+1"]
[EndTime "10:08:30 PDT"]
[Termination "mishanick won by resignation"]

1. d4 Nf6 2. c4 e6 3. Nc3 Bb4 4. e3 O-O 5. Bd3 c5 6. Ne2 cxd4 7. exd4 d5 8. cxd5 Qxd5 9. O-O Qh5 10. Nf4 Qxd1 11.
Rxd1 Rd8 12. a3 Ba5 13. Be3 Nc6 14. Bb5 Ne7 15. h3 Bd7 16. b4 Bc7 17. Nd3 b6 18.
Bg5 a6 19. Bxd7 Rxd7 20. Ne5 Rdd8 21. f3 h6 22. Bh4 g5 23. Bf2 Rac8 24. Rac1 Bxe5 25.
dxe5 Rxd1+ 26. Rxd1 Rxc3 27. exf6 Nd5 28. a4 Rc4 29. a5 b5 30. Bc5 Kh7 31. Be7 Kg6 32.
Kf2 h5 33. g3 g4 34. fxg4 hxg4 35. hxg4 Rxg4 36. Kf3 Rc4 37. Rd3 Nxf6 38. Bxf6 Kxf6 39. Rd6 Rxb4 40. Rxa6 Kf5 41. Rd6 Rb3+ 42. Kf2 Ra3 43.
a6 e5 44. Rb6 Ke4 45. Rxb5 Ra2+ 46. Kf1 Rxa6 47. Kg2 Ra4 48. Rb6 f5 49. Re6 Ra2+ 50.
Kh3 Ra8 51. Rf6 Rg8 52. Rf7 Rg5 53. Kh4 Rg6 54. Kh3 Rh6+ 55. Kg2 Rh5 56. Kf2 Rh2+ 57. Kg1 Ra2 58. Kf1 Rb2 59. Kg1 Rc2 60. Kf1 Ra2 61.
Kg1 Kd3 62. Rxf5 e4 63. Rd5+ Kc4 64. Rd7 e3 65. Kf1 Rd2 66. Ke1 Rxd7 0-1

[Event "*** SCC Grand Prix: Titled Tuesday Blitz"]
[Site "Chess.com"]
[Date "2020.08.25"]
[Round "1"]
[White "garicradomir"]
[Black "AnonymousIM2023"]
[Result "0-1"]
[WhiteElo "2269"]
[BlackElo "2596"]
[TimeControl "180+1"]
[EndTime "10:08:33 PDT"]
[Termination "AnonymousIM2023 won by resignation"]

1. e4 c5 2. Nf3 Nc6 3. Bb5 g6 4. Bxc6 dxc6 5. d3 Qc7 6. Nc3 e5 7. Be3 Nf6 8. Qd2 Nh5 9. h3 Be7 10. O-O-O Be6 11. Kb1 O-O-O 12. a3 Kb8 13. g4 Nf4 14.
Nxe5 Ng2 15. Nf3 Nxe3 16. Qxe3 Rhe8 17. Nd2 Bd6 18. Ne2 Be5 19. f4 Bh8 20. e5 f6 21.
d4 cxd4 22. Nxd4 fxe5 23. Nxe6 Rxe6 24. f5 gxf5 25. gxf5 Red6 26. Kc1 e4 27. Nc4 Rxd1+ 28.
Rxd1 Rxd1+ 29. Kxd1 b5 30. Nd2 Bxb2 31. Nxe4 Qd7+ 32.
Qd3 Qxd3+ 33. cxd3 Kc7 34. Ng5 Kd7 35. Nxh7 Bxa3 36. Nf6+ Ke7 37. Ne4 a5 38. h4 a4 39.
h5 Kf7 40. h6 Bb2 41. Kc2 Bd4 42. h7 Kg7 43. Ng5 Bf6 44. Ne4 Be5 45. Ng5 Bf6 46. Ne4 Bh4 47. Nc5 Kxh7 48. Ne6 Bf6 49. d4 Kh6 50. d5 cxd5 51. Nf4 d4 52. Nd5 Kg5 53.
Kd3 Kxf5 54. Nc7 b4 55. Na6 b3 56. Nc5 b2 57. Kc2 a3 58. Nb3 d3+ 59. Kb1 Bc3 60.
Nd2 Bxd2 61. Ka2 Bc3 0-1

[Event "*** SCC Grand Prix: Titled Tuesday Blitz"]
[Site "Chess.com"]
[Date "2020.08.25"]
[Round "1"]
[White "mr65"]
[Black "Schandenfreude"]
[Result "1/2-1/2"]
[WhiteElo "2164"]
[BlackElo "2503"]
[TimeControl "180+1"]
[EndTime "10:08:34 PDT"]
[Termination "Game drawn - insufficient material"]

1. e4 c5 2. Nf3 d6 3. Nc3 Nf6 4. e5 dxe5 5. Nxe5 Nbd7 6. Nc4 e6 7. g3 Be7 8. Bg2 Nb6 9. Ne5 Nbd7 10. Nc4 O-O 11. O-O Nb6 12. d3 Nfd5 13. Nxd5 Nxd5 14. a4 b6 15. d4 Ba6 16. b3 cxd4 17. Bb2 Rc8 18. Bxd4 Bxc4 19. bxc4 Rxc4 20. a5 Nf4 21. c3 Nxg2 22. Kxg2 bxa5 23. Qg4 Bf6 24. Bxf6 Rxg4 25.
Bxd8 Rxd8 26. Rxa5 Rc4 27. Rxa7 Rxc3 28. Rd1 Rf8 29.
h4 h6 30. Rad7 Rc5 31. Rd8 Rxd8 32. Rxd8+ Kh7 33. Rd7 Kg6 34. Rd4 Kf6 35. Rf4+ Ke7 36. Rg4 Kf6 37. Rf4+ Ke7 38. Rg4 g6 39. Ra4 Kf6 40.
Rf4+ Kg7 41. Ra4 Rd5 42. Rb4 Kf6 43. Ra4 Rf5 44. Rb4 g5 45. hxg5+ Rxg5 46. Ra4 Kg6 47. Rb4 h5 48. Ra4 Rg4 49. Ra5 h4 50. Kh3 f5 51.
gxh4 Kh5 52. Re5 Rxh4+ 53. Kg3 Rg4+ 54. Kf3 Ra4 55. Rxe6 Kg5 56. Kg3 Ra3+ 57. Kg2 Kg4 58. Rg6+ Kf4 59. Rg8 Ra2 60. Re8 Ra4 61. Rf8 Re4 62.
Rg8 Rd4 63. Re8 Re4 64. Rxe4+ fxe4 65. Kf1 Kf3 66. Ke1 e3 67. fxe3 Kxe3 1/2-1/2

[Event "*** SCC Grand Prix: Titled Tuesday Blitz"]
[Site "Chess.com"]
[Date "2020.08.25"]
[Round "1"]
[White "ChessyInstinct"]
[Black "Blagorod"]
[Result "1-0"]
[WhiteElo "2509"]
[BlackElo "2144"]
[TimeControl "180+1"]
[EndTime "10:08:40 PDT"]
[Termination "ChessyInstinct won by resignation"]

1. d4 d5 2. c4 Nc6 3. Nf3 Bg4 4. Nc3 e5 5. cxd5 Bxf3 6. dxc6 Bxc6 7. d5 Bd7 8. e4 Nf6 9. Be3 Be7 10. Be2 O-O 11.
O-O c6 12. h3 cxd5 13. exd5 Bb4 14. Qb3 Bxc3 15. bxc3 b6 16. c4 Qc8 17. Kh2 Ne4 18.
a4 f5 19. f4 exf4 20. Bxf4 Nc5 21. Qc2 Re8 22. a5 b5 23. cxb5 Ne4 24. Qb3 Nd2 25. Bxd2 Rxe2 26. Qd3 Re8 27. b6 axb6 28. axb6 Rxa1 29.
Rxa1 Qb8+ 30. Kh1 Qxb6 31. Bc3 Qg6 32. Ra7 Re7 33. Bb4 Qb6 34. Ra8+ Re8 35. Rxe8+ Bxe8 36. Qc4 Qd8 37. d6+ Bf7 38. Qd4 Be8 39. Bc3 Qd7 40. Qe5 h6 41. Kh2 Bf7 42. Bd4 Be8 43.
Qf4 Kh7 44. Be5 Kg8 45. Qd4 Kh7 46. Qd5 Kh8 47. Qd2 Kh7 48. h4 Bf7 49. Qf4 Bg6 50. Qg3 Be8 51. Qf4 Bg6 52. Qc4 Be8 53. Qc7 Kg8 54. Qc5 Kh7 55. Qd5 Bh5 56. Qa5 Be8 57.
g3 Kg8 58. Qc7 Qxc7 59. dxc7 Bd7 60. Kg2 Kf7 61. Kf3 Ke6 62. Bxg7 h5 63. Kf4 Kd6 64. Be5+ Kc6 65. Kg5 Kd5 66. Bf4 Ke4 67. Kxh5 Kf3 68.
Kg5 Kg2 69. h5 1-0

[Event "*** SCC Grand Prix: Titled Tuesday Blitz"]
[Site "Chess.com"]
[Date "2020.08.25"]
[Round "1"]
[White "ShimanovAlex"]
[Black "karwowskikacper"]
[Result "1-0"]
[WhiteElo "2761"]
[BlackElo "2398"]
[TimeControl "180+1"]
[EndTime "10:08:42 PDT"]
[Termination "ShimanovAlex won by resignation"]

1. e4 c5 2. Nf3 e6 3. b3 d5 4. exd5 exd5 5. Bb5+ Bd7 6. Qe2+ Qe7 7. Qxe7+ Bxe7 8. Nc3 Nf6 9. Ne5 a6 10. Nxd7 Nbxd7 11. Be2 d4 12. Nb1 Nd5 13. Bf3 N7f6 14. c3 dxc3 15.
Nxc3 O-O-O 16. O-O Nb4 17. Na4 b5 18. Nc3 Nd3 19.
a4 b4 20. Nd1 Nxc1 21. Rxc1 Rxd2 22. Ne3 Rd3 23. Rb1 Rhd8 24. Be2 R3d6 25. Nf5 Re6 26.
Bc4 Re5 27. Bxa6+ Kc7 28. Ne3 Ne4 29. Rfe1 Nc3 30. Ra1 Bf6 31. Bc4 Kb8 32. g3 Rd7 33.
Ng4 Rxe1+ 34. Rxe1 Bd4 35. Kg2 h5 36. Ne5 Rc7 37.
Nxf7 Rc6 38. a5 Rf6 39. f4 h4 40. a6 hxg3 41. hxg3 Nb5 42. Re8+ Ka7 43. Re7+ Kb6 44. Nd8 Nc7 45. a7 Rf8 46. Rd7 Rxd8 47. Rxd8 Kxa7 48. g4 Kb6 49. g5 Kc6 50. f5 Be3 51. f6 gxf6 52.
gxf6 Bg5 53. f7 Bxd8 54. f8=Q Kd7 55. Kf3 Be7 56. Qf7 Kd6 57. Ke4 Kd7 58. Qg6 Bd6 59. Bd5 Nb5 60. Qe6+ Kc7 61. Qf7+ Kd8 62. Bc4 Nc3+ 63. Kd3 Be7 64. Qg8+ Kc7 65. Qa8 Bd6 66.
Bd5 Nxd5 67. Qxd5 Be7 68. Kc4 Bd6 69. Kb5 Be7 70. Qc6+ Kd8 71. Kc4 Bh4 72. Kd5 Bf2 73. Ke6 1-0

[Event "*** SCC Grand Prix: Titled Tuesday Blitz"]
[Site "Chess.com"]
[Date "2020.08.25"]
[Round "1"]
[White "Fandorine"]
[Black "ketster"]
[Result "1-0"]
[WhiteElo "2933"]
[BlackElo "2445"]
[TimeControl "180+1"]
[EndTime "10:08:44 PDT"]
[Termination "Fandorine won on time"]

1. d4 Nf6 2. c4 e6 3. Nf3 d5 4. g3 Bb4+ 5. Bd2 Be7 6. Bg2 O-O 7. O-O Nbd7 8. a4 a5 9. Na3 c5 10. cxd5 Nxd5 11. Rc1 b6 12. dxc5 Nxc5 13. Nb5 Bb7 14. Nfd4 Rc8 15. h4 Bf6 16. e3 Qe7 17. b3 Rfd8 18.
Qg4 Nd3 19. Rxc8 Rxc8 20. Qe2 Nc5 21. Rc1 Qd8 22. Be1 Ba6 23. Qd1 Bb7 24. Rc4 h6 25. e4 Ne7 26. e5 Bxe5 27. Bxb7 Nxb7 28. Rxc8 Qxc8 29. Nf3 Bf6 30. Qd3 Nc5 31. Qc4 Nd5 32. Bd2 Qc6 33. Nfd4 Qd7 34. Bxa5 Ne4 35. Be1 Kh7 36. Qc6 Qxc6 37. Nxc6 Nc5 38. a5 bxa5 39.
Nxa5 Nb6 40. b4 Nd3 41. Bd2 Nd5 42. Nc6 Be5 43. Nxe5 Nxe5 44. Nd4 Nc4 45. Be1 Ncb6 46. Nc2 g6 47. Kf1 f6 48. Ke2 Kg7 49. Kd3 h5 50.
Nd4 Kf7 51. Nb3 Ke7 52. Bd2 Kd6 53. Nc5 Nd7 54. Ne4+ Ke7 55. b5 N7b6 56. Ba5 e5 57.
Nc3 Nxc3 58. Kxc3 Nd7 59. Kc4 Kd6 60. Bb4+ Kc7 61. Bc5 Nf8 62. Bxf8 1-0

[Event "*** SCC Grand Prix: Titled Tuesday Blitz"]
[Site "Chess.com"]
[Date "2020.08.25"]
[Round "1"]
[White "dosto07"]
[Black "Koksik_13"]
[Result "0-1"]
[WhiteElo "2326"]
[BlackElo "2658"]
[TimeControl "180+1"]
[EndTime "10:08:45 PDT"]
[Termination "Koksik_13 won by checkmate"]

1. e4 e6 2. d4 d5 3. Nd2 Nf6 4. e5 Nfd7 5. Bd3 c5 6. c3 Nc6 7. Ne2 cxd4 8. cxd4 f6 9. exf6 Qxf6 10. Nf3 h6 11.
O-O Bd6 12. Be3 O-O 13. Nc3 Rd8 14. a3 Nf8 15. h3 Bd7 16. Nh2 Be8 17. Ng4 Qe7 18. f4 Kh8 19. Rc1 Bh5 20. Be2 Rac8 21. Ne5 Bxe2 22. Qxe2 Qf6 23. Qh5 Kg8 24. Rf3 Ne7 25.
g4 Bxe5 26. dxe5 Qf7 27. Qxf7+ Kxf7 28. Bxa7 d4 29. Ne2 d3 30. Nc3 Nfg6 31. Rd1 Rc4 32. Rfxd3 Rxd3 33. Rxd3 Rxf4 34. Rd7 Nxe5 35. Rxb7 Rc4 36.
Nb5 Kf6 37. Bd4 Nc6 38. Bc3 Kg5 39. Kf2 Rf4+ 40. Ke2 Kh4 41. Rxg7 Kxh3 42. b3 Nxg4 43. a4 Rf2+ 44. Kd3 Rf3+ 45. Kc4 Ne3+ 46. Kc5 Nd8 47. a5 Nd5 48. Be5 Rf5 49. Bb8 Nc3+ 50. Kc4 Nxb5 51. a6 Nc6 52. b4 Nxb8 53. Rb7 Nxa6 54. Rxb5 Rxb5 55. Kxb5 Nxb4 56. Kxb4 h5 57. Kc5 Kg2 58. Kd6 h4 59. Kxe6 h3 60. Ke5 h2 61. Kf4 h1=Q 62. Ke3 Qa1 63. Ke2 Qd4 64. Ke1 Kf3 65. Kf1 Qd1# 0-1

[Event "*** SCC Grand Prix: Titled Tuesday Blitz"]
[Site "Chess.com"]
[Date "2020.08.25"]
[Round "1"]
[White "karinachess1"]
[Black "MYMChessAcademy"]
[Result "1-0"]
[WhiteElo "2503"]
[BlackElo "2126"]
[TimeControl "180+1"]
[EndTime "10:08:47 PDT"]
[Termination "karinachess1 won by checkmate"]

1. d4 Nf6 2. c4 g6 3. Nf3 Bg7 4.
g3 O-O 5. Bg2 d6 6. Nc3 Nc6 7.
O-O e5 8. d5 Ne7 9. e4 Nd7 10.
Ne1 f5 11. Nd3 Nb6 12. b3 Rf7 13. Bb2 g5 14. exf5 Bxf5 15. Ne4 h6 16. Qd2 a5 17. Rac1 a4 18. b4 Bxe4 19. Bxe4 Nf5 20. c5 dxc5 21. bxc5 Nd7 22. c6 bxc6 23. dxc6 Nb6 24. Rfd1 Qe7 25. Qc2 Nd4 26. Bxd4 exd4 27. Nc5 Kh8 28. Rf1 Nc8 29. Rce1 Qf8 30. Bd5 Rf5 31. Ne6 Qf6 32. Nxc7 Ra7 33. Re8+ Kh7 34. Be4 Nd6 35. Bxf5+ Nxf5 36. g4 Rxc7 37. Qxf5+ Qxf5 38. gxf5 Rxc6 39. Re7 Kg8 40. Rd7 Rc3 41. Rb1 d3 42. Rb8+ Bf8 43.
Rdd8 Kg7 44. f6+ Kxf6 45. Rxf8+ Ke5 46. Rfd8 Ke4 47. Rb4+ Kf3 48. Rb1 Ke2 49. Re8+ Kd2 50. Kf1 Kc2 51. Rbb8 Kd2 52. Rbd8 Rc1+ 53. Kg2 Rd1 54.
Re7 Rc1 55. Red7 Rc3 56. Kg3 Kc2 57. f3 Kd2 58. h4 a3 59. hxg5 hxg5 60. Kg4 Rc4+ 61.
Kxg5 Rc3 62. f4 Rc5+ 63. f5 Rc3 64. f6 Kc2 65. Kg6 Rc5 66. f7 Rc6+ 67. Kg7 Rd6 68.
Rxd6 d2 69. Rxd2+ Kc3 70. Rh2 Kc4 71. Rc2+ Kb5 72. Rb8+ Ka6 73. Rc3 Ka7 74. Rb1 Ka8 75. Rxa3# 1-0

[Event "*** SCC Grand Prix: Titled Tuesday Blitz"]
[Site "Chess.com"]
[Date "2020.08.25"]
[Round "1"]
[White "Orest_Vovk"]
[Black "JonahWillow"]
[Result "1-0"]
[WhiteElo "2366"]
[BlackElo "2668"]
[TimeControl "180+1"]
[EndTime "10:08:50 PDT"]
[Termination "Orest_Vovk won by resignation"]

1. h3 c5 2. Nc3 Nc6 3. g4 g6 4.
Bg2 Bg7 5. d3 d6 6. Nf3 h6 7. O-O Nf6 8. e4 O-O 9. Ne2 Rb8 10. Be3 b5 11. c3 b4 12. Qd2 Kh7 13. g5 hxg5 14. Nxg5+ Kg8 15. f4 bxc3 16. bxc3 Nh5 17.
f5 Ne5 18. fxg6 fxg6 19. Rxf8+ Qxf8 20. Rf1 Bf6 21. Kh2 Qg7 22. Ng3 Nxg3 23. Kxg3 Ba6 24. c4 Qh6 25. Nf3 Nxf3 26. Rxf3 Qh4+ 27. Kh2 Be5+ 28.
Bf4 Rb2 29. Qc1 Rf2 30. Rxf2 Qxf2 31. Bxe5 dxe5 32. Qg5 Qf6 33. Qg4 Kg7 34. Kg3 Bc8 35. Qf3 Qg5+ 36. Kh2 Be6 37. Qg3 Qf6 38. Qe3 Qf4+ 39. Qxf4 exf4 40. Kg1 Kf6 41. Kf2 Ke5 42. Kf3 g5 43. Bf1 Kd4 44. h4 gxh4 45. Kxf4 h3 46. Kg3 a5 47. a3 Bc8 48. Be2 Ke3 49. Bf1 e5 50. Kh2 Kf2 51. Bxh3 Bxh3 52. Kxh3 Ke3 53.
Kg4 Kxd3 54. Kf5 Kd4 55. a4 Kxc4 56. Kxe5 Kb4 57. Kd6 c4 58. e5 c3 59. e6 c2 60.
e7 c1=Q 61. e8=Q Qc5+ 62. Kd7 Qd5+ 63. Kc7 Qc4+ 64. Kb6 Qc5+ 65. Ka6 Qd6+ 66. Kb7 Qd5+ 67. Ka6 Qd3+ 68. Qb5+ Qxb5+ 69. axb5 a4 70. b6 a3 71. b7 a2 72. b8=Q+ Kc3 73. Qh8+ Kb3 74. Qa1 1-0

[Event "*** SCC Grand Prix: Titled Tuesday Blitz"]
[Site "Chess.com"]
[Date "2020.08.25"]
[Round "1"]
[White "beto-betun"]
[Black "Jovidon91"]
[Result "1-0"]
[WhiteElo "2107"]
[BlackElo "2477"]
[TimeControl "180+1"]
[EndTime "10:08:52 PDT"]
[Termination "beto-betun won by checkmate"]

1. d4 Nf6 2. c4 e6 3. Nf3 b6 4. g3 Ba6 5. b3 Bb4+ 6. Bd2 Be7 7. Bc3 d5 8. Nbd2 O-O 9. Bg2 c6 10. O-O b5 11. c5 Nbd7 12. b4 Bb7 13. Qc2 Qc7 14.
Ne5 Nxe5 15. dxe5 Nd7 16. f4 a5 17. a3 f6 18. Nf3 fxe5 19. Nxe5 Bf6 20. Qb2 Nxe5 21.
Bxe5 Bxe5 22. fxe5 Rad8 23. e3 Bc8 24. Bh3 Bd7 25. Qd4 Rde8 26. Rxf8+ Rxf8 27. Rf1 Rxf1+ 28. Kxf1 axb4 29. axb4 Qa7 30. Qh4 Qb8 31. Qe7 Qf8+ 32. Qxf8+ Kxf8 33. Kf2 Ke7 34. Kf3 Be8 35. Kf4 Bg6 36.
Bg4 Be4 37. h4 Kf7 38. Bh5+ Ke7 39. Bg4 Bg6 40. Bf3 Kf7 41. Kg5 Bd3 42. Kf4 Bf5 43.
Kg5 g6 44. Kf4 Kg7 45. Be2 Kh6 46. Bf3 Kg7 47. Be2 Be4 48. Bd1 Bb1 49. Be2 Kf7 50. Bg4 Ke7 51. Bf3 d4 52. exd4 Kd7 53. Bg4 Ba2 54.
Kg5 h5 55. Bh3 Bb1 56. Kf6 Bf5 57. Bxf5 exf5 58. e6+ Ke8 59. Kxg6 f4 60. Kf5 Ke7 61. gxf4 Ke8 62. Kg5 Ke7 63. f5 Kf8 64. Kxh5 Ke7 65. Kg5 Kf8 66. h5 Kg7 67. h6+ Kh7 68. f6 Kg8 69.
Kg6 Kh8 70. e7 Kg8 71. e8=Q# 1-0

[Event "*** SCC Grand Prix: Titled Tuesday Blitz"]
[Site "Chess.com"]
[Date "2020.08.25"]
[Round "1"]
[White "Titus369"]
[Black "Annagozel"]
[Result "1/2-1/2"]
[WhiteElo "2449"]
[BlackElo "1838"]
[TimeControl "180+1"]
[EndTime "10:08:54 PDT"]
[Termination "Game drawn - insufficient material"]

1. e4 c6 2. d4 d5 3. Nd2 dxe4 4.
Nxe4 Bf5 5. Ng3 Bg6 6. Nh3 Nd7 7. Nf4 Nb6 8. h4 Nf6 9. c3 Nbd5 10. Nxd5 Qxd5 11. h5 Bf5 12. Nxf5 Qxf5 13. Bd3 Qe6+ 14. Qe2 Qxe2+ 15. Kxe2 e6 16. Bf4 Nd5 17. Bg3 O-O-O 18. a4 Bd6 19. Bxd6 Rxd6 20. g3 h6 21. a5 a6 22. f4 Nf6 23. Kf3 c5 24. Rac1 cxd4 25. cxd4+ Kb8 26. Rc4 Rhd8 27. Ke3 Nd5+ 28. Kf3 Nf6 29.
Ke3 Nd5+ 30. Kf2 Nf6 31. Be2 Rxd4 32. Rhc1 Rxc4 33. Rxc4 Rd2 34. b4 Nd5 35. g4 Rb2 36. g5 Rxb4 37. Rxb4 Nxb4 38. Ke3 Nd5+ 39. Kf3 Kc7 40. Bd3 Kd6 41. Ke4 Nb4 42. Be2 Nc6 43.
Bd1 Nxa5 44. Ba4 Nc4 45. Be8 Ke7 46. Ba4 b5 47. Bc2 Nd6+ 48. Kd4 Nf5+ 49. Kc5 Ng3 50. Bd1 e5 51. gxh6 gxh6 52. fxe5 Ke6 53. Bb3+ Kxe5 54. Bxf7 Kf6 55. Bd5 Kg5 56. Bb7 Nxh5 57. Bxa6 Nf4 58.
Bxb5 h5 59. Kd4 h4 60. Ke3 h3 61. Kf2 h2 62. Bc6 Kg4 63. Bf3+ Kf5 64. Ba8 Kg5 65. Kg3 Ne2+ 66. Kxh2 1/2-1/2

[Event "*** SCC Grand Prix: Titled Tuesday Blitz"]
[Site "Chess.com"]
[Date "2020.08.25"]
[Round "1"]
[White "IrinaDrogovoz"]
[Black "Haykoooo0o"]
[Result "1/2-1/2"]
[WhiteElo "2227"]
[BlackElo "2519"]
[TimeControl "180+1"]
[EndTime "10:08:57 PDT"]
[Termination "Game drawn by repetition"]

1. d4 d6 2. c4 e5 3. Nc3 Nc6 4. d5 Nce7 5. Nf3 f5 6. e4 Nf6 7. Bd3 h6 8. O-O g6 9. Bd2 Bg7 10. Qc2 O-O 11. Nh4 f4 12. Nf3 g5 13. h3 Rf7 14. b4 Bf8 15. c5 Rg7 16. Nh2 g4 17.
hxg4 Nxg4 18. Nxg4 Bxg4 19. f3 Bh3 20. Rf2 Nc8 21. Ne2 Qg5 22. g3 Qh5 23. Nxf4 Rxg3+ 24. Ng2 Bxg2 25. Rxg2 Qxf3 26. Be1 Rxg2+ 27. Qxg2+ Qxg2+ 28. Kxg2 dxc5 29. bxc5 Bxc5 30. Bd2 Kg7 31. Rc1 Bd6 32. Kf3 Ne7 33. Rg1+ Ng6 34. Kg4 Rf8 35. Kh5 Rf6 36.
Bxh6+ Kh7 37. Bg5 Nf4+ 38. Bxf4 Rxf4 39. Be2 Be7 40. Bg4 Rf6 41. Bf5+ Kh8 42. Rc1 Bd6 43. Rb1 b6 44. Kg5 Kg7 45. Rh1 Rf7 46. Rh7+ Kf8 47. Rh8+ Ke7 48. Kg6 Rf6+ 49. Kg7 Rf7+ 50. Kg6 Rf6+ 51. Kg7 a5 52. Rc8 Rf7+ 53. Kg6 Rf8 54. Rxf8 Kxf8 55. Bd7 Ke7 56. Bc6 Bc5 57. a4 Kd6 58. Bb5 Bb4 59. Kf6 Bc3 60. Kf7 Be1 61. Ke8 Bh4 62. Bd7 Kc5 63. Bb5 Kd4 64. Bc6 Kc5 65. Kd7 Bg5 66. Kxc7 Be7 67. Kd7 Bf8 68.
Ke6 Bd6 69. Bb5 Bb8 70. Kd7 Bd6 71. Kc8 Bf8 72. Kd7 Bd6 73. Bc6 Bb8 74. Ke6 Bd6 75. Kd7 Bb8 76. Bb5 Bd6 1/2-1/2

[Event "*** SCC Grand Prix: Titled Tuesday Blitz"]
[Site "Chess.com"]
[Date "2020.08.25"]
[Round "1"]
[White "JuliaEfremova"]
[Black "PaulfromSPb"]
[Result "0-1"]
[WhiteElo "2319"]
[BlackElo "2653"]
[TimeControl "180+1"]
[EndTime "10:09:00 PDT"]
[Termination "PaulfromSPb won by resignation"]

1. e4 c5 2. Nf3 d6 3. d4 cxd4 4. Nxd4 Nf6 5. Nc3 a6 6. Bg5 Nbd7 7. f4 g6 8. Qf3 Qb6 9. O-O-O e5 10. Nb3 Bg7 11. Bc4 O-O 12. Qd3 exf4 13. Qxd6 Qe3+ 14. Qd2 Ne5 15. Bxf4 Qxd2+ 16. Nxd2 Nxc4 17. Nxc4 Be6 18. Nd6 b5 19. Rhf1 Nh5 20. g3 Rfd8 21. e5 h6 22. h4 Nxf4 23. gxf4 Bf8 24. Nce4 Be7 25. h5 Kh7 26.
hxg6+ fxg6 27. Rf2 Rf8 28. Rdf1 Rad8 29. b3 Bd5 30.
Kb2 a5 31. f5 gxf5 32. Rxf5 Rxf5 33. Rxf5 Be6 34. Nf6+ Kg6 35. Rf1 Bxd6 36. exd6 Rxd6 37.
Ne4 Rc6 38. a3 Bf5 39. Rf4 Re6 40. Ng3 Bh3 41. Rf2 Re5 42. Ne2 Kg5 43. Nd4 Bg4 44.
Rf8 h5 45. Rb8 h4 46. Nxb5 h3 47. Nd4 h2 48. Rg8+ Kh4 49. Rh8+ Kg3 50. Rxh2 Kxh2 51. Nc6 Rc5 52. Nd4 Kg3 53. b4 axb4 54. axb4 Rc4 55. c3 Rc8 56. Kb3 Kf4 57. c4 Ke4 58. Nb5 Ke5 59.
c5 Be6+ 60. Kc3 Rb8 61. Nd4 Bd5 62. c6 Kd6 63. b5 Kc5 64. Kd3 Rd8 65. Kc3 Re8 66.
Kd3 Bc4+ 67. Kc3 Re3+ 68. Kd2 Kxd4 69. c7 Re8 70. b6 Ba6 71. Kc2 Bb7 72. Kb3 Rc8 73. Kb4 Kd5 74. Kb5 Kd6 75. Ka5 Kc6 76. Kb4 Kxb6 0-1

[Event "*** SCC Grand Prix: Titled Tuesday Blitz"]
[Site "Chess.com"]
[Date "2020.08.25"]
[Round "1"]
[White "salomez"]
[Black "FLamps8"]
[Result "1-0"]
[WhiteElo "2218"]
[BlackElo "2514"]
[TimeControl "180+1"]
[EndTime "10:09:00 PDT"]
[Termination "salomez won by resignation"]

1. e4 c6 2. d4 d5 3. e5 Bf5 4. Nf3 e6 5. Be2 Nd7 6. O-O Ne7 7. Nbd2 h6 8. Nb3 g5 9. c3 Qc7 10. h3 Bg7 11. a4 c5 12. a5 c4 13. Nbd2 f6 14.
exf6 Nxf6 15. Re1 O-O 16. Ne5 Ne4 17. Ndf3 Ng6 18. Nxg6 Bxg6 19. Be3 Rf7 20. Ne5 Bxe5 21. dxe5 Qxe5 22. Bd4 Qf4 23. Bf3 Raf8 24. Bxa7 Qh4 25.
Bxe4 Bxe4 26. Qg4 Rxf2 27. Rxe4 dxe4 28. Qxh4 Rxg2+ 29. Kxg2 gxh4 30. Rf1 Ra8 31. Bb6 Rc8 32. Rf4 Rc6 33. Rxe4 Kf7 34. Rxh4 Rd6 35. Rxh6 Rd2+ 36. Kg3 Rxb2 37. Rh7+ Kg6 38. Rxb7 Rb3 39. a6 Rxc3+ 40.
Kg4 Ra3 41. a7 c3 42. Rb8 c2 43. Rc8 Ra4+ 44. Kg3 Ra3+ 45. Kf4 Ra4+ 46. Ke5 Ra6 47. Rxc2 Kf7 48. a8=Q Rxa8 49. Rf2+ Kg6 50. Bd4 Ra5+ 51. Ke4 Rh5 52. Rg2+ Kf7 53. Rg3 Rh4+ 54. Ke3 Rh5 55. Bc3 Rf5 56. Bd4 Ra5 57. Rf3+ Kg8 58. Rg3+ Kf7 59. h4 e5 60. Bc3 Ke6 61. Kd3 Kd5 62. Bxa5 e4+ 63. Ke3 Ke6 64. Rh3 Kf6 65. h5 Kg7 66. h6+ Kh7 67. Bb4 Kg6 68. h7 Kg5 69. h8=Q 1-0